 Dungeon Crawl Stone Soup version 0.31.0-11-ge490571c62 (webtiles) character file.

Game seed: 16431519694663450589

252 Yore the Trooper (level 6, -4/40 HPs)
             Began as a Gargoyle Fighter on Feb 5, 2024.
             Slain by a gnoll
             ... wielding a +0 halberd
              (10 damage)
             ... on level 3 of the Dungeon.
             The game lasted 00:03:34 (1749 turns).

Yore the Trooper (Gargoyle Fighter)                 Turns: 1749, Time: 00:03:34

Health: -4/40      AC: 12    Str: 18    XL:     6   Next: 14%
Magic:  5/5        EV:  9    Int: 13    God:
Gold:   122        SH:  9    Dex: 10    Spells: 5/5 levels left

rFire   . . .        a - +0 flail
rCold   . . .        c - +0 buckler
rNeg    + . .        b - +0 scale mail
rPois   ∞            q - +0 helmet
rElec   +            (no cloak)
rCorr   .            (no gloves)
SInv    .            (no boots)
Will    .....        r - amulet of reflection Stlth
                     (no ring)
HPRegen 0.26/turn    (no ring)
MPRegen 0.09/turn

%: reflection
@: no status effects
A: sickness immunity, AC +4, negative energy resistance 1, electricity
resistance, torment resistance 1, petrification resistance, clever 1, low MP 1
a: no special abilities


You were on level 3 of the Dungeon.
You visited 1 branch of the dungeon, and saw 3 of its levels.

You collected 122 gold pieces.

Inventory:

Hand Weapons
 a - a +0 flail (weapon)
Missiles
 f - 2 boomerangs (quivered)
 n - 3 javelins
Armour
 b - a +0 scale mail (worn)
 c - a +0 buckler (worn)
 q - a +0 helmet (worn)
Jewellery
 r - an amulet of reflection (around neck)
Scrolls
 e - 3 scrolls of noise {unknown}
 g - 2 scrolls of revelation {unknown}
 j - 2 scrolls of identify {unknown}
 m - a scroll of blinking {unknown}
Potions
 d - a potion of might
 p - a potion of heal wounds {unknown}


   Skills:
 * Level 5.0 Fighting
 * Level 4.0 Maces & Flails
 + Level 4.2 Armour
 - Level 4.0 Shields


You had 5 spell levels left.
You didn't know any spells.
Your spell library contained the following spells:

 Spells                   Type           Power      Damage    Failure   Level
 Hailstorm                Conj/Ice       0%         3d5       98%         3
 Ozocubu's Armour         Ice            0%         N/A       98%         3
 Summon Ice Beast         Ice/Summ       0%         N/A       98%         3
 Metabolic Englaciation   Hex/Ice        0%         N/A       100%        5
 Sculpt Simulacrum        Ice/Alch       0%         N/A       100%        6


Dungeon Overview and Level Annotations

Branches:
Dungeon (3/15)

Altars:
Ru

Shops:
D:2 [


Innate Abilities, Weirdness & Mutations

You are immune to sickness and miasma.
Your stone body is resilient. (AC +4)
You are immune to poison.
You resist negative energy. (rN+)
You are resistant to electric shocks. (rElec)
You are resistant to unholy torment.
You are immune to petrification.
Your mind is acute. (Int +4, Str/Dex -1)
Your magical capacity is low. (-10% MP)


Message History

You barely miss the gnoll.
The gnoll is moderately wounded.
You block the gnoll's attack. x2
The gnoll hits you from afar with a +0 halberd.
The gnoll hits you with a +0 flail.
You hit the gnoll.
The gnoll is moderately wounded.
You block the gnoll's attack. x2
You sock the gnoll!
You kill the gnoll!
The gnoll closely misses you.
Your Fighting skill increases to level 5!
Your Maces & Flails skill increases to level 4!
You block the gnoll's attack.
You see here a +0 flail.
You sock the gnoll!
The gnoll is severely wounded.
The gnoll closely misses you. The gnoll hits you with a +0 halberd.
You hit the gnoll.
You kill the gnoll!
You barely miss the gnoll. You block the gnoll's attack.
The gnoll hits you from afar with a +0 halberd.
You closely miss the gnoll. The gnoll hits you with a +0 club.
* * * LOW HITPOINT WARNING * * *
The gnoll completely misses you.
You hit the gnoll but do no damage. You block the gnoll's attack.
The gnoll hits you from afar with a +0 halberd.
* * * LOW HITPOINT WARNING * * *
The gnoll hits you but does no damage. You block the gnoll's attack.
You hit the gnoll.
The gnoll is lightly wounded.
The gnoll hits you but does no damage. You block the gnoll's attack.
You hit the gnoll but do no damage.
The gnoll is lightly wounded.
The gnoll hits you but does no damage. The gnoll barely misses you.
It was a potion of mutation.
You feel extremely strange.
You feel less energetic.
You feel clever. You block the gnoll's attack.
The gnoll hits you from afar with a +0 halberd!
You die...

......#..#.#
......#..#.#
......#..#.# ##
##+##.#..#.# ..
#.......#.# .###
####+##.#.# .g#
#.......#.# #.#
##.......#.########.#
.+.......#......@gg.#
##......#############
...)..........
......########
.##<### ###.########
#........# ########.#
#.#


You could see 2 gnolls.

Vanquished Creatures
  A scorpion (D:3)
  An orc wizard (D:3)
  9 gnolls
  2 adders (D:2)
  3 ribbon worms
  4 orcs (D:3)
  A giant cockroach (D:1)
  7 goblins
  7 hobgoblins
  4 kobolds
  3 quokkas
  2 ball pythons (D:1)
  7 bats
  7 rats
58 creatures vanquished.

Notes
Turn   | Place    | Note
-------+----------+-------------------------------------------
     0 | D:1      | Yore the Gargoyle Fighter began the quest for the Orb.
     0 | D:1      | Reached XP level 1. HP: 14/14 MP: 1/1
    54 | D:1      | Reached XP level 2. HP: 18/19 MP: 2/2
   423 | D:2      | Found Futocia's Antique Armour Shop.
   466 | D:2      | Reached XP level 3. HP: 23/24 MP: 3/3
   502 | D:2      | Reached skill level 4 in Fighting
   505 | D:2      | Reached XP level 4. HP: 12/29 MP: 4/4
   977 | D:2      | Reached XP level 5. HP: 26/34 MP: 5/5
  1256 | D:3      | Found a sacrificial altar of Ru.
  1735 | D:3      | Reached XP level 6. HP: 30/40 MP: 6/6
  1741 | D:3      | Reached skill level 5 in Fighting
  1749 | D:3      | Gained mutation: Your magical capacity is low. (-10% MP)
                  | [potion of mutation]
  1749 | D:3      | Gained mutation: Your mind is acute. (Int +4, Str/Dex -1)
                  | [potion of mutation]
  1749 | D:3      | Slain by a gnoll

Illustrated notes

Levels and vault maps discovered:
D:1:      orjb1_lava_funnel, layout_rooms
D:2:      layout_basic, serial_shops, shop
D:3:      layout_basic, mainiacjoe_overflow_small_starburst

Skill      XL: |  1  2  3  4  5  6 |
---------------+-------------------+-----
Fighting       | 4 5 |  5.0
Maces & Flails | 3 4 |  4.0
Armour         | 4 |  4.2
Shields        | 4 |  4.0

Action                     |  1- 3 |  4- 6 || total
---------------------------+-------+-------++-------
  Melee: Flail             |    67 |   142 ||   209
    Use: Potion            |       |     5 ||     5
 Armour: Scale mail        |    57 |    90 ||   147
         Skin              |       |    21 ||    21
  Dodge: Dodged            |    21 |    69 ||    90
  Block: Buckler           |    11 |    51 ||    62
         Reflection        |       |     3 ||     3
